 Dungeon Crawl Stone Soup version 0.31-a0-986-g5e6e4ef867 (webtiles) character file.

Game seed: 3639862083695157221

28 Curundu the Trooper (level 2, -7/27 HPs)
             Began as a Draconian Berserker on Nov 8, 2023.
             Was a Believer of Trog.
             Mangled by Sigmund
             ... wielding a +0 scythe
              (11 damage)
             ... on level 2 of the Dungeon.
             The game lasted 00:07:37 (986 turns).

Curundu the Trooper (Draconian Berserker)            Turns: 986, Time: 00:07:38

Health: -7/27      AC:  4    Str: 19    XL:     2   Next: 96%
Magic:  2/2        EV: 12    Int:  7    God:    Trog [**....]
Gold:   55         SH:  0    Dex: 10    Spells: 1/1 levels left

rFire   . . .        a - +0 mace
rCold   . . .        (no shield)
rNeg    . . .        (body armour unavailable)
rPois   .            (helmet restricted)
rElec   .            (no cloak)
rCorr   .            (no gloves)
SInv    .            (no boots)
Will    .....        (no amulet)
Stlth   +            (no ring)
HPRegen 0.24/turn    (no ring)
MPRegen 0.08/turn

%: no passive effects
@: confused
A: AC +4, unfitting armour, cold-blooded
a: Renounce Religion, Berserk, Trog's Hand


You were on level 2 of the Dungeon.
You worshipped Trog.
Trog was pleased with you.
You visited 1 branch of the dungeon, and saw 2 of its levels.

You collected 55 gold pieces.

Inventory:

Hand Weapons
 a - a +0 mace (weapon)
Scrolls
 e - a scroll of fog {unknown}
Potions
 b - a potion of magic {unknown}
 c - a potion of attraction {unknown}
 d - 3 potions of lignification {unknown}
 f - a potion of curing {unknown}
 g - 2 potions of might {unknown}


   Skills:
 + Level 3.8 Fighting
 + Level 3.4 Maces & Flails
 + Level 3.0 Dodging


You had one spell level left.
You didn't know any spells.
Your spell library contained the following spells:

 Spells                   Type           Power      Damage    Failure   Level
 Apportation              Tloc           0%         N/A       43%         1
 Jinxbite                 Hex            0%         N/A       56%         2
 Alistair's Intoxication  Tmut/Pois      0%         N/A       100%        5


Dungeon Overview and Level Annotations

Branches:
Dungeon (1/15)

Altars:

Annotations:
D:2 Sigmund


Innate Abilities, Weirdness & Mutations

Your plain brown scales are hard. (AC +4)
You cannot fit into any form of body armour.
You are cold-blooded and may be slowed by cold attacks.


Message History

There is an open door here.
You see here a +0 whip.
You see here a +0 whip.
As you open the door, it creaks loudly!
A rat comes into view.
There is an open door here.
You sock the rat!
You kill the rat!
Trog accepts your kill.
A malevolent force fills the Dungeon...
You fall into a shaft and drop 1 floor!
The shaft crumbles and collapses.
Found 2 lumpy white potions.
g - 2 lumpy white potions A rat comes into view.
Sigmund the Dreaded comes into view.
He is wielding a +0 scythe and wearing a +2 robe of fire resistance.
You hit the rat.
You kill the rat!
Trog accepts your kill.
Sigmund shouts!
You see here a rat corpse.
Found a cyan potion and 14 gold pieces.
Sigmund gestures at you while chanting. The magic dart hits you.
You see here a rat corpse.
Sigmund gestures wildly while chanting.
Sigmund flickers and vanishes!
Deactivating autopickup; reactivate with Ctrl-A.
You start resting.
HP restored.
Something hits you!
You start resting.
Something hits you!
You hear some strange, mumbled words.
You are confused.
You start resting.
Something hits you but does no damage.
You start resting.
Something hits you!
* * * LOW HITPOINT WARNING * * *
Something hits you!
You die...

####### #.....#
#.....# #.....#
##.@...#
##########{..#..#
#.......†..####.#
.......##### #..#
....... ##.#
....... ..
....... ...
....... ....
....... .....


There were no monsters in sight!

Vanquished Creatures
  2 dart slugs (D:1)
  4 ball pythons (D:1)
  An endoplasm (D:1)
  A goblin (D:1)
  A hobgoblin (D:1)
  2 jackals (D:1)
  2 kobolds (D:1)
  3 quokkas (D:1)
  A bat (D:1)
  A frilled lizard (D:1)
  4 rats
22 creatures vanquished.

Notes
Turn   | Place    | Note
-------+----------+-------------------------------------------
     0 | D:1      | Curundu the Draconian Berserker began the quest for the
                  | Orb.
     0 | D:1      | Reached XP level 1. HP: 19/19 MP: 1/1
   514 | D:1      | Reached XP level 2. HP: 26/26 MP: 2/2
   848 | D:1      | Reached ** piety under Trog
   950 | D:1      | You fall into a shaft and drop 1 floor!
   968 | D:2      | Noticed Sigmund
   986 | D:2      | Mangled by Sigmund

Illustrated notes

Levels and vault maps discovered:
D:1:      dpeg_arrival_arbitrary_c, layout_basic
D:2:      layout_rooms, uniq_natasha, uniq_sigmund

Skill      XL: |  1  2 |
---------------+-------+-----
Dodging        | 3 |  3.0
Fighting       | |  3.8
Maces & Flails | |  3.4

Action                     || total
---------------------------++-------
  Melee: Mace              ||    48
         Tailslap          ||     4
 Armour: Skin              ||    34
  Dodge: Dodged            ||    47

Table legend: (Time is in decaauts)
 A = Elapsed time spent in this place.
 B = Non-inter-level travel time spent in this place.
 C = Inter-level travel time spent in this place.
 D = Time resting spent in this place.
 E = Time spent auto-exploring this place.
 F = Levels seen in this place.
 G = Mean time per level.
                   A        B        C        D        E       F      G
               +--------+--------+--------+--------+--------+-----+--------+
         Total |    997 |    997 |      0 |      4 |      0 |   2 |  498.5 |
       Dungeon |    997 |    997 |      0 |      4 |      0 |   2 |  498.5 |
               +--------+--------+--------+--------+--------+-----+--------+

Top non-repeatable levels by time:
     D:1: 961 daAuts
     D:2: 35 daAuts
